Map: Altitude LE

Players

Goofy

  • Race: Zerg Zerg
  • League: Diamond
  • Spawn Location: 1:00

RunzeT - Winner!

  • Race: Terran Terran
  • League: Master
  • Spawn Location: 7:00

VOD

Have the link to the VOD?

Description

Time

  • Played on: May 29, 2023, 10:30 a.m.
  • Length: 14:19
Show
View Real Time Build Order
Export as new Build Order

Goofy Zerg 

Build Orders: Hatch First 

Get SALT Encoding   

  12  0:00  Drone  
  13  0:09  Drone  
  14  0:15  Extractor, Drone  
  15  0:37  Hatchery  
  14  0:45  Extractor, Drone  
  14  0:49  Overlord  
  15  1:05  Spawning Pool  
  15  1:09  Drone  
  16  1:11  Drone  
  16  1:16  Drone  
  17  1:22  Drone  
  18  1:31  Extractor  
  17  1:33  Drone  
  18  1:42  Drone  
  19  1:51  Queen x2  
  19  1:53  Zergling x2  
  24  1:56  Drone  
  24  2:00  Drone  
  26  2:05  Overlord  
  26  2:11  Drone  
  26  2:13  Drone  
  28  2:24  Drone x2  
  30  2:34  Queen  
  30  2:35  Drone x2  
  34  2:44  Metabolic Boost  
  34  2:46  Overlord  
  34  2:47  Drone  
  35  2:55  Drone  
  35  2:57  Drone  
  35  3:12  Queen  
  37  3:16  Drone x2  
  37  3:17  Hatchery  
  38  3:20  Drone  
  38  3:21  Overlord  
  38  3:23  Drone  
  40  3:28  Drone x2  
  40  3:33  Overlord  
  42  3:35  Drone  
  42  3:37  Zergling x2  
  42  3:40  Zergling x2  
  46  3:41  Drone  
  46  3:44  Queen  
  46  3:48  Extractor  
  47  3:49  Overlord  
  47  3:57  Drone x4  
  51  4:04  Drone  
  52  4:13  Overlord  
  52  4:17  Baneling Nest  
  52  4:22  Overlord x2  
  51  4:28  Queen, Drone  
  51  4:29  Drone x4  
  51  4:31  Lair  
  58  4:35  Queen  
  60  4:45  Drone x5  
  65  4:51  Zergling x4  
  67  5:01  Zergling x16  
  74  5:14  Zergling x6  
  74  5:16  Baneling x4  
  74  5:18  Zergling x2  
  74  5:20  Zergling x2  
  79  5:25  Spore Crawler  
  79  5:26  Zergling x2  
  79  5:30  Zergling x2  
  80  5:37  Zergling x2  
  80  5:38  Zergling x6  
  80  5:41  Zergling x4  
  75  5:47  Zergling x2  
  75  5:48  Zergling x12  
  75  5:55  Zergling x2  
  75  5:56  Zergling x4  
  72  6:09  Zergling x6  
  72  6:14  Queen x3  
  72  6:31  Spore Crawler  
  71  6:37  Zergling x12  
  76  6:41  Overlord  
  76  6:46  Evolution Chamber  
  75  6:47  Evolution Chamber, Extractor  
  75  6:50  Queen x3  
  79  6:59  Extractor  
  78  7:01  Centrifugal Hooks  
  78  7:07  Drone x12  
  90  7:14  Zerg Ground Armor Level 1  
  90  7:19  Overlord x3  
  90  7:37  Overlord x2, Queen  
  90  7:38  Drone x2  
  90  7:39  Drone  
  90  7:42  Drone  
  96  7:47  Infestation Pit  
  96  7:48  Zergling x12  
  101  7:53  Zerg Melee Weapons Level 1  
  101  7:54  Hatchery  
  99  8:06  Drone  
  99  8:07  Hydralisk Den, Drone x2  
  99  8:12  Baneling x13  
  101  8:29  Hatchery  
  101  8:31  Drone x5  
  101  8:32  Drone x8  
  101  8:33  Overlord x2  
  113  8:46  Overseer  
  110  9:06  Zergling x2  
  90  9:10  Zergling x12  
  90  9:11  Zergling x20  
  90  9:15  Zerg Ground Armor Level 2  
  102  9:21  Zergling x2  
  102  9:22  Zergling x8  
  106  9:26  Hatchery  
  106  9:28  Zergling x2  
  106  9:29  Zergling x2  
  107  9:31  Queen  
  107  9:33  Queen  
  107  9:34  Muscular Augments  
  107  9:36  Extractor  
  107  9:37  Extractor, Baneling  
  107  9:38  Baneling x11  
  109  9:39  Zergling x4  
  109  9:41  Zergling x2  
  112  9:58  Zergling x2  
  112  9:59  Zergling x18  
  122  10:09  Pneumatized Carapace  
  122  10:12  Hive  
  122  10:18  Drone x11  
  133  10:29  Baneling  
  133  10:30  Baneling x7  
  133  10:39  Zergling x2  
  133  10:40  Zergling x18  
  143  10:43  Drone x6  
  143  10:46  Grooved Spines  
  147  11:10  Hydralisk  
  147  11:11  Hydralisk x10  
  138  11:12  Overlord x2  
  138  11:13  Overlord x2  
  157  11:21  Overlord x2  
  157  11:38  Zergling x20  
  154  11:51  Zergling x2  
  154  11:52  Zergling x10  
  151  11:58  Zergling x2  
  134  12:04  Zergling x2  
  120  12:11  Zergling x2  
  120  12:12  Zergling x14  
  120  12:13  Baneling x2  
  113  12:17  Zergling x2  
  101  12:23  Zergling x2  
  101  12:24  Zergling x2  
  101  12:27  Zergling x2  
  101  12:29  Baneling x4  
  94  12:30  Baneling x3  
  94  12:31  Baneling x5  
  94  12:33  Zergling x6  
  94  12:36  Zergling x2  
  79  12:47  Zergling x8  
  79  12:48  Zergling x4  
  72  12:55  Zergling x2  
  63  13:04  Zergling x4  
  33  13:23  Hatchery  
  33  13:25  Zergling x2  
  33  13:26  Zergling x10  
  35  13:34  Hatchery  
  34  13:55  Baneling x6  
Show
View Real Time Build Order
Export as new Build Order

RunzeT Terran - Winner!

Build Orders: Reaper Expand 

Get SALT Encoding   

  12  0:00  SCV  
  13  0:12  SCV  
  14  0:17  Supply Depot  
  14  0:24  SCV  
  15  0:39  SCV  
  15  0:40  Barracks  
  16  0:45  Refinery  
  16  0:51  SCV  
  17  1:03  SCV  
  18  1:15  SCV  
  19  1:28  Orbital Command  
  19  1:29  Reaper  
  20  1:46  Command Center  
  20  1:53  SCV  
  21  1:57  Supply Depot  
  21  2:01  Marine  
  22  2:05  SCV  
  23  2:14  Factory  
  23  2:18  SCV  
  24  2:26  Barracks Reactor  
  24  2:29  Barracks  
  24  2:30  SCV  
  25  2:37  Refinery  
  25  2:43  SCV  
  26  2:55  SCV  
  26  2:58  Orbital Command  
  26  3:03  Hellion, Marine x2  
  30  3:07  SCV  
  31  3:17  Barracks Tech Lab  
  31  3:19  SCV  
  32  3:21  Marine  
  32  3:22  Marine  
  32  3:24  Starport  
  32  3:25  SCV  
  35  3:31  SCV  
  36  3:38  SCV, Marine, Stimpack  
  36  3:39  Marine  
  36  3:40  Marine  
  40  3:42  Hellion  
  40  3:43  SCV  
  43  3:50  SCV  
  44  3:55  SCV  
  44  3:56  Marine  
  46  4:08  SCV, Medivac  
  46  4:09  SCV  
  50  4:10  Supply Depot  
  50  4:11  Marine x2, Supply Depot x2  
  50  4:14  Hellion  
  54  4:26  Armory  
  54  4:31  Marine  
  54  4:32  SCV x2, Marine  
  54  4:34  Marine  
  54  4:36  Hellion  
  61  4:48  Supply Depot  
  61  4:49  SCV, Marine  
  61  4:50  SCV, Supply Depot  
  61  4:52  Marine  
  67  4:56  Liberator  
  67  4:57  Marine  
  69  5:07  Marine  
  69  5:10  SCV  
  69  5:13  SCV  
  72  5:21  Command Center  
  72  5:22  Marine  
  72  5:25  SCV  
  72  5:26  Refinery x2  
  72  5:27  Combat Shield  
  74  5:31  Hellion  
  69  5:48  Marine  
  69  5:49  SCV, Marauder, Marine  
  70  5:50  SCV  
  68  6:01  SCV  
  68  6:02  SCV  
  68  6:06  Marine x2  
  68  6:10  Marauder  
  62  6:13  SCV  
  63  6:20  SCV  
  63  6:24  Marine x2  
  66  6:25  SCV  
  66  6:32  Marauder  
  69  6:37  Medivac, Orbital Command  
  69  6:42  Marine x2  
  69  6:45  SCV  
  69  6:46  Factory Reactor  
  70  6:49  Engineering Bay x2  
  70  6:53  Marauder  
  70  6:54  SCV  
  73  6:55  Concussive Shells  
  73  6:58  Orbital Command  
  73  6:59  SCV  
  73  7:00  Marine x2  
  76  7:11  Starport Reactor  
  76  7:12  SCV  
  76  7:14  Marauder  
  79  7:17  Marine  
  79  7:18  Marine  
  79  7:20  Terran Infantry Weapons Level 1, Terran Infantry Armor Level 1  
  81  7:24  Barracks  
  81  7:26  SCV  
  82  7:30  SCV  
  82  7:31  SCV, Command Center  
  82  7:34  Widow Mine x2  
  82  7:36  Marine  
  91  7:40  SCV, Marine  
  91  7:43  Supply Depot  
  93  7:45  Supply Depot x2  
  93  7:46  SCV, Barracks  
  93  7:49  Medivac x2, Barracks  
  93  7:50  Marine  
  93  7:51  Refinery x2  
  97  7:53  SCV  
  97  7:54  Marine  
  97  7:57  SCV  
  97  7:58  Marine  
  101  8:06  SCV  
  101  8:09  SCV, Marauder  
  101  8:10  Armory  
  101  8:11  Supply Depot  
  101  8:12  Marine, Supply Depot  
  106  8:14  Supply Depot  
  106  8:15  SCV, Marine  
  106  8:18  SCV  
  110  8:20  Barracks Reactor  
  110  8:21  Medivac  
  110  8:25  SCV  
  112  8:30  Marine x2  
  112  8:32  SCV  
  112  8:33  Marine  
  116  8:36  Supply Depot  
  116  8:38  Supply Depot x2  
  116  8:39  Barracks Reactor, Barracks Tech Lab  
  116  8:42  Factory  
  116  8:44  Factory  
  116  8:47  Marine  
  116  8:48  Marauder  
  119  8:51  SCV x2, Marine, Planetary Fortress  
  122  9:01  Supply Depot  
  122  9:05  Marine  
  122  9:09  Marauder  
  110  9:11  Marine  
  110  9:12  Marauder  
  110  9:14  Marine  
  110  9:15  Marine  
  110  9:16  SCV  
  104  9:18  Marine  
  104  9:19  SCV x2, Marine  
  104  9:23  Marine  
  109  9:27  Factory Tech Lab  
  109  9:28  Hellion x2  
  109  9:29  Marine  
  109  9:30  Factory Tech Lab  
  109  9:31  Marauder  
  116  9:32  Marine  
  116  9:33  SCV x3, Marauder  
  116  9:34  Marine  
  116  9:36  Marine  
  124  9:45  Marine  
  126  9:47  Siege Tank  
  126  9:48  Infernal Pre-Igniter, Marine  
  130  9:54  Hellion, Siege Tank, Command Center  
  130  9:56  Terran Infantry Weapons Level 2  
  130  9:59  Terran Infantry Armor Level 2  
  134  10:02  Marine  
  134  10:03  Marauder  
  134  10:06  Medivac x2  
  141  10:08  Marine  
  141  10:09  Marauder  
  141  10:10  Marine  
  141  10:13  Terran Vehicle Weapons Level 1  
  145  10:14  Marine  
  145  10:15  SCV  
  145  10:17  Marine  
  148  10:23  Sensor Tower  
  148  10:24  Marauder  
  148  10:26  Siege Tank  
  148  10:27  Hellion, Siege Tank  
  158  10:30  Marauder  
  160  10:36  Medivac, Marine x3  
  160  10:37  Hellion  
  160  10:40  Marine  
  160  10:42  Marine  
  168  10:44  SCV x4  
  168  10:46  Marauder  
  168  10:47  Marine  
  168  10:48  Hellion  
  178  10:51  Marauder  
  178  10:53  Marine  
  178  10:54  Marine x2  
  178  10:56  SCV  
  184  10:58  Siege Tank, Marine  
  184  11:00  SCV, Marine  
  190  11:05  Marine  
  190  11:07  Marauder  
  193  11:11  Marine  
  193  11:12  Marine  
  193  11:13  Marauder, Marine  
  198  11:23  Marine x2  
  200  11:34  Marauder, Marine  
  184  11:43  Marauder, Marine x2  
  179  11:49  Marine x2  
  179  11:50  Marine  
  171  11:55  Marine  
  171  11:56  Marauder, Planetary Fortress  
  171  12:00  Marine  
  145  12:02  SCV x2  
  145  12:04  Marauder, Marine  
  145  12:07  Marine  
  149  12:08  Marine  
  149  12:10  SCV  
  149  12:13  Marine  
  137  12:17  Marauder  
  137  12:18  Marine  
  137  12:21  SCV x2  
  137  12:22  SCV, Marine  
  133  12:25  Marine  
  133  12:26  Marauder, Marine  
  131  12:30  Marine  
  131  12:36  Marine  
  126  12:38  Marauder  
  126  12:40  Marine  
  126  12:43  Marine  
  126  12:44  Marine  
  126  12:47  Marauder  
  126  12:48  Marine  
  118  12:54  Marine  
  118  12:58  Marine  
  115  13:00  Marauder  
  115  13:01  Marine  
  115  13:02  Marine  
  117  13:06  Marine  
  117  13:09  Marauder  
  117  13:12  Marine  
  117  13:16  Marine  
  117  13:17  Medivac, Widow Mine x2  
  117  13:18  Marine  
  117  13:19  Marine  
  122  13:21  Marauder  
  122  13:24  Marine  
  126  13:27  Orbital Command  
  126  13:28  Refinery x2  
  126  13:30  Marauder, Marine  
  127  13:34  Supply Depot  
  127  13:35  Supply Depot  
  127  13:36  Marine, Supply Depot x2  
  127  13:37  Marine  
  127  13:38  Siege Tank x2  
  127  13:39  Hellion  
  137  13:42  Marine, Orbital Command  
  137  13:44  Marauder, Barracks Reactor  
  139  13:56  SCV x3, Marauder, Marine x3  
  139  13:58  Supply Depot  
  139  13:59  Marine, Supply Depot  
  139  14:01  Supply Depot  
  148  14:06  Command Center  
Tags
 
Add a new tag
Caveats
  • Supply blocks, unpowered buildings, or Contaminate may cause inaccurate times.
  • Supply counts are checked every 10 seconds.